Map: Proxima Station LE

Players

MCanning

  • Race: Protoss Protoss
  • League: Grandmaster
  • Spawn Location: 7:00

Namshar - Winner!

  • Race: Zerg Zerg
  • League: Grandmaster
  • Spawn Location: 1:00

VOD

Have the link to the VOD?

Description

Time

  • Played on: March 25, 2017, 2:18 a.m.
  • Length: 11:26
Show
View Real Time Build Order
Export as new Build Order

MCanning Protoss 

Build Orders: Nexus First, Oracle Opening 

Get SALT Encoding   

  12  0:00  Probe (Chrono Boost)  
  13  0:11  Probe (Chrono Boost)  
  14  0:20  Pylon  
  14  0:22  Probe (Chrono Boost)  
  15  0:38  Probe (Chrono Boost)  
  16  0:48  Probe (Chrono Boost)  
  17  0:58  Nexus  
  17  1:09  Gateway  
  17  1:12  Probe (Chrono Boost)  
  18  1:19  Assimilator  
  18  1:23  Assimilator  
  18  1:26  Probe (Chrono Boost)  
  19  1:36  Probe (Chrono Boost)  
  21  1:47  Probe (Chrono Boost)  
  21  1:48  Pylon  
  21  1:57  Probe (Chrono Boost)  
  21  2:00  Cybernetics Core  
  22  2:08  Probe (Chrono Boost)  
  23  2:11  Probe (Chrono Boost)  
  24  2:18  Probe (Chrono Boost), Zealot  
  24  2:21  Probe (Chrono Boost)  
  28  2:29  Probe (Chrono Boost)  
  29  2:32  Probe (Chrono Boost)  
  30  2:39  Stargate, Probe (Chrono Boost)  
  31  2:45  Probe (Chrono Boost)  
  31  2:50  Mothership Core (Chrono Boost)  
  34  2:53  Protoss Air Weapons Level 1  
  34  2:56  Probe (Chrono Boost)  
  35  3:07  Probe (Chrono Boost)  
  35  3:09  Probe (Chrono Boost)  
  35  3:10  Pylon  
  37  3:17  Probe (Chrono Boost), Oracle  
  39  3:20  Probe (Chrono Boost)  
  42  3:28  Probe (Chrono Boost)  
  42  3:32  Probe (Chrono Boost)  
  44  3:38  Probe (Chrono Boost)  
  45  3:42  Assimilator  
  45  3:44  Probe (Chrono Boost)  
  45  3:47  Void Ray  
  46  3:49  Probe (Chrono Boost)  
  52  3:57  Probe (Chrono Boost)  
  52  3:59  Probe (Chrono Boost)  
  52  4:01  Nexus  
  53  4:03  Pylon  
  53  4:06  Assimilator  
  53  4:09  Probe (Chrono Boost), Pylon  
  54  4:21  Probe (Chrono Boost)  
  54  4:23  Probe (Chrono Boost)  
  56  4:29  Fleet Beacon  
  56  4:32  Probe (Chrono Boost)  
  56  4:33  Probe (Chrono Boost)  
  56  4:37  Stargate  
  58  4:42  Probe (Chrono Boost)  
  58  4:44  Probe (Chrono Boost)  
  60  4:50  Stargate  
  60  4:53  Forge, Probe (Chrono Boost)  
  60  4:54  Probe (Chrono Boost)  
  62  5:04  Probe (Chrono Boost)  
  62  5:05  Probe (Chrono Boost)  
  64  5:09  Pylon  
  64  5:12  Assimilator  
  65  5:14  Probe (Chrono Boost)  
  65  5:15  Assimilator, Probe (Chrono Boost)  
  65  5:16  Carrier  
  65  5:18  Pylon  
  66  5:23  Probe (Chrono Boost)  
  66  5:25  Probe (Chrono Boost), Carrier  
  66  5:26  Probe (Chrono Boost)  
  75  5:34  Probe (Chrono Boost)  
  76  5:41  Probe (Chrono Boost)  
  83  5:45  Probe (Chrono Boost)  
  83  5:46  Carrier, Photon Cannon  
  84  5:51  Probe (Chrono Boost)  
  84  5:53  Probe (Chrono Boost)  
  84  5:54  Pylon  
  92  6:04  Graviton Catapult  
  92  6:06  Probe (Chrono Boost)  
  92  6:07  Probe (Chrono Boost)  
  92  6:08  Photon Cannon  
  94  6:15  Protoss Air Weapons Level 2  
  94  6:16  Photon Cannon  
  96  6:19  Probe x2 (Chrono Boost)  
  96  6:25  Photon Cannon  
  96  6:30  Photon Cannon  
  96  6:37  Probe x2 (Chrono Boost)  
  96  6:38  Pylon  
  104  6:41  Pylon  
  104  6:58  Probe (Chrono Boost)  
  104  6:59  Probe (Chrono Boost)  
  112  7:06  Pylon  
  112  7:07  Pylon  
  116  7:12  Phoenix x2  
  110  7:16  Phoenix  
  110  7:17  Anion Pulse-Crystals  
  108  7:24  Photon Cannon  
  108  7:25  Photon Cannon  
  108  7:31  Void Ray  
  108  7:35  Void Ray  
  108  7:36  Void Ray  
  113  7:45  Probe (Chrono Boost)  
  111  8:02  Stargate  
  111  8:03  Stargate  
  113  8:07  Mothership Core (Chrono Boost), Nexus  
  113  8:08  Void Ray  
  113  8:09  Pylon  
  113  8:10  Pylon  
  113  8:13  Void Ray  
  119  8:22  Photon Cannon, Pylon  
  119  8:24  Pylon  
  119  8:26  Pylon  
  119  8:30  Photon Cannon  
  119  8:32  Photon Cannon  
  125  8:34  Carrier, Photon Cannon  
  125  8:35  Protoss Air Weapons Level 3  
  125  8:36  Photon Cannon  
  125  8:37  Photon Cannon  
  131  8:50  Void Ray  
  133  9:03  Void Ray  
  133  9:05  Assimilator  
  137  9:10  Assimilator  
  137  9:13  Photon Cannon, Void Ray  
  137  9:15  Photon Cannon  
  138  9:29  Void Ray  
  138  9:30  Robotics Facility  
  142  9:37  Pylon  
  142  9:38  Void Ray  
  142  9:41  Carrier, Pylon  
  146  9:52  Photon Cannon  
  152  10:03  Pylon  
  152  10:14  Photon Cannon  
  152  10:15  Photon Cannon  
  152  10:16  Photon Cannon  
  152  10:17  Void Ray  
  152  10:21  Photon Cannon  
  152  10:23  Photon Cannon  
  152  10:24  Pylon  
  148  10:34  Mothership Core (Chrono Boost)  
  150  10:36  Observer  
  150  11:01  Probe (Chrono Boost)  
Show
View Real Time Build Order
Export as new Build Order

Namshar Zerg - Winner!

Build Orders: Hatch First, Muta Ling Bane 

Get SALT Encoding   

  12  0:00  Drone  
  13  0:12  Overlord  
  13  0:17  Drone  
  14  0:30  Drone x2  
  14  0:34  Drone  
  17  0:51  Hatchery  
  17  0:54  Drone  
  17  0:57  Drone  
  18  1:08  Extractor  
  17  1:13  Spawning Pool  
  17  1:15  Drone  
  17  1:19  Drone  
  18  1:27  Drone  
  19  1:38  Drone  
  20  1:49  Drone  
  20  1:50  Hatchery  
  20  1:59  Queen  
  22  2:03  Drone  
  22  2:04  Drone  
  24  2:10  Overlord  
  24  2:15  Drone  
  25  2:20  Metabolic Boost  
  25  2:25  Drone  
  25  2:26  Drone  
  27  2:32  Drone  
  27  2:35  Queen  
  30  2:41  Queen  
  32  2:47  Overlord  
  32  2:48  Drone  
  33  2:51  Drone  
  33  2:53  Drone  
  33  2:57  Drone  
  36  3:04  Overlord  
  36  3:06  Drone x2  
  36  3:07  Drone x2  
  36  3:08  Drone  
  41  3:15  Drone  
  41  3:16  Drone  
  41  3:19  Queen  
  43  3:21  Drone  
  43  3:27  Overlord  
  46  3:31  Drone x2  
  48  3:35  Drone  
  48  3:39  Drone x4  
  48  3:40  Drone  
  54  3:45  Overlord  
  54  3:47  Drone  
  54  3:48  Drone x2  
  57  3:52  Spore Crawler  
  57  3:53  Drone  
  57  3:54  Drone  
  58  3:56  Roach Warren, Spore Crawler  
  58  3:58  Drone  
  58  4:01  Drone x3  
  60  4:08  Extractor  
  60  4:09  Extractor  
  58  4:11  Drone x3  
  58  4:16  Drone x2  
  58  4:17  Overlord, Drone  
  64  4:19  Lair  
  64  4:23  Drone x4  
  65  4:28  Spore Crawler  
  65  4:29  Drone  
  65  4:30  Drone x2  
  67  4:35  Extractor  
  67  4:37  Overlord, Extractor  
  65  4:39  Drone  
  65  4:40  Extractor  
  65  4:41  Overlord  
  65  4:42  Drone x2  
  67  4:48  Overlord  
  67  4:49  Overlord x2  
  67  4:50  Drone  
  67  4:51  Drone x2  
  68  5:10  Drone  
  68  5:11  Drone x3  
  72  5:15  Hatchery  
  72  5:17  Spire  
  72  5:18  Drone x4  
  72  5:20  Drone  
  75  5:36  Overlord  
  75  5:37  Overlord  
  75  5:41  Zergling x16, Hatchery  
  75  5:42  Zergling x6  
  85  5:46  Drone  
  85  5:47  Evolution Chamber  
  85  5:53  Overlord x4  
  85  5:55  Overlord  
  85  6:12  Zerg Melee Weapons Level 1  
  85  6:15  Drone  
  85  6:17  Baneling Nest  
  85  6:24  Drone x8  
  91  6:29  Mutalisk  
  91  6:30  Mutalisk x7  
  107  6:36  Mutalisk x3  
  113  6:40  Mutalisk  
  113  6:42  Extractor  
  113  6:44  Extractor  
  113  6:45  Zerg Flyer Armor Level 1  
  113  6:46  Drone  
  114  6:49  Spire  
  113  7:08  Drone x4, Spore Crawler  
  116  7:15  Overlord  
  116  7:16  Overlord  
  116  7:28  Overlord  
  116  7:29  Overlord  
  114  7:34  Hatchery  
  99  7:45  Drone x6  
  99  7:47  Drone x2  
  99  7:48  Overlord  
  107  8:02  Corruptor x11  
  107  8:03  Corruptor  
  127  8:13  Corruptor x4  
  127  8:17  Zerg Flyer Weapons Level 1  
  133  8:21  Extractor  
  133  8:23  Extractor  
  129  8:28  Corruptor x3  
  135  8:39  Corruptor x2  
  139  8:46  Zerg Flyer Armor Level 2  
  139  8:51  Zerg Melee Weapons Level 2  
  139  8:59  Centrifical Hooks  
  139  9:05  Hatchery  
  138  9:10  Corruptor x3  
  138  9:15  Overseer  
  138  9:16  Pneumatized Carapace  
  144  9:18  Spore Crawler  
  144  9:20  Drone x2, Spore Crawler  
  145  9:28  Corruptor  
  145  9:29  Corruptor x3  
  153  9:39  Zergling x2  
  153  9:40  Zergling x36  
  169  9:46  Baneling x12  
  169  9:56  Corruptor  
  169  9:57  Corruptor x3  
  171  10:20  Baneling x13  
  171  10:21  Baneling x15, Zergling x2  
  171  10:22  Zergling x22  
  177  10:38  Corruptor x3  
  166  10:52  Corruptor  
  166  10:53  Corruptor x3  
  166  10:56  Zergling x2  
  166  10:57  Zergling x18  
Tags
 
Add a new tag
Caveats
  • Supply blocks, unpowered buildings, or Contaminate may cause inaccurate times.
  • Supply counts are checked every 10 seconds.